cohdb
Replays
Latest Replays
All Replays
Popular Replays
Top Player Replays
Match Explorer
How It Works
Community
CoH3 Stats
Reddit
Sign in to upload your games and track your stats! →
Sign in with Steam
Match 45612222
Unlisted
Match 45612222
Overview
Messages
Build Orders
End
Construct Section Command Post
Selects Air and Sea Battlegroup
Selects Air and Sea Battlegroup
Infantry Section
Infantry Section
Infantry Section
Grenade Package
Construct Platoon Command Post
6-pounder Anti-tank Gun Team
Infantry Training
Selects Supply Surplus
Construct Resource Cache
Unlock M3 Stuart Light Tanks
M3 Stuart Light Tank
Construct Resource Cache
Construct Resource Cache
Selects Commando Section Paradrop
Selects Commando Support Section Paradrop
Construct Company Command Post
Foot Guards Section
Crusader II Medium Tank
Construct Resource Cache
Construct Resource Cache
Crusader II Medium Tank
Armored Vehicle Training
Unlock Bishop Self-propelled Artillery
Bishop Self-propelled Artillery
Light Vehicle Training
Crusader II Medium Tank
Crusader II Medium Tank
Selects Anti-tank Rocket Loiter
Selects UNKNOWN (223837)
Crusader II Medium Tank
Crusader II Medium Tank
Crusader II Medium Tank
Crusader II Medium Tank
Dr. Jekyll
PutPut-AusarTheVile
Symbiosis
aSIIDemolitionHammer
0
0
Comments
sign in to comment!
No comments posted yet!